 Dungeon Crawl Stone Soup version bcrawl-1.38.3 (webtiles) character file.

Game seed: 6326989180552724888

132742 Morbidden the Sneak (level 3, -1/20 HPs)
             Began as a Skeleton Archaeologist on July 3, 2023.
             Slain by a kobold
             ... wielding a +0 falchion
              (2 damage)
             ... on level 2 of the Dungeon.
             The game lasted 00:01:25 (1069 turns).

Morbidden the Sneak (Skeleton Archaeologist)        Turns: 1069, Time: 00:01:26

Health: -1/20      AC: 11    Str: 17    XL:     3   Next: 46%
Magic:  0/4        EV:  8    Int: 13    God:
Gold:   170        SH:  0    Dex:  7    Spells: 3/3 levels left

rFire    . . .     GDR:     19% a - +3 short sword (vamp)
rCold    + . .     SeeInvis .   (no shield)
rNeg     + + +     Gourm    .   k - +0 chain mail
rPois    ∞         Faith    .   d - +1 hat
rElec    .         Spirit   +   (no cloak)
rCorr    .         Reflect  .   (no gloves)
MR       .....                  e - +1 pair of boots
Stlth    ..........             (no amulet)
HPRegen  0.13/turn              (no ring)
MPRegen  0.09/turn              (no ring)

@: no status effects
A: no food or potions, cold resistance 1, deterioration 1, negative energy
resistance 3, torment resistance, unbreathing, magic shield, sturdy frame 1,
spell healing
a: no special abilities


You were on level 2 of the Dungeon.
You were not hungry.

You visited 1 branch of the dungeon, and saw 2 of its levels.

You collected 170 gold pieces.

Inventory:

Hand Weapons
 a - a +3 vampiric short sword (weapon)
 b - a +0 blowgun
Missiles
 f - 6 curare-tipped needles
Armour
 d - a +1 hat (worn)
 e - a +1 pair of boots (worn)
 k - a +0 chain mail (worn)
Jewellery
 l - an uncursed ring of magical power {unknown}
Scrolls
 c - 2 scrolls of remove curse {unknown}
 g - a scroll of magic mapping
 i - 4 scrolls of identify
 j - a scroll of teleportation {unknown}
 m - a scroll of enchant weapon {unknown}
 n - a scroll of enchant armour {unknown}
Miscellaneous
 h - a dusty tome


   Skills:
 * Level 1.3 Fighting
 + Level 0.9 Short Blades
   Level 1.4 Maces & Flails
 * Level 0.9 Armour
 * Level 3.7 Dodging
 + Level 3.9 Stealth
 * Level 0.6 Spellcasting


You had 3 spell levels left.
You didn't know any spells.
Your spell library was empty.

Dungeon Overview and Level Annotations

Branches:
Dungeon (2/12)

Altars:


Innate Abilities, Weirdness & Mutations

You do not eat or drink.
You are immune to poison.
Your flesh is cold resistant. (rC+)
Your body sometimes deteriorates upon taking damage.
You are immune to negative energy. (rN+++)
You are immune to unholy pain and torment.
You can survive without breathing.
When hurt, damage is shared between your health and your magic reserves.
Your movements are slightly less encumbered by armour. (ER -2)
Casting spells heals you.


Message History

The kobold shouts! x2
There are monsters nearby!
There are monsters nearby!
There are monsters nearby!
There are monsters nearby!
The kobold closely misses you.
Things that are here:
a scroll labeled LUSETO ETTETA; a leopard gecko skeleton You closely miss the kobold.
The kobold hits you but does no damage.
You hit the kobold but do no damage.
The kobold hits you but does no damage. x2
The kobold hits you with a +1 dagger of electrocution.
You closely miss the kobold.
The kobold hits you but does no damage. x2
You are electrocuted!
The kobold barely misses you.
The kobold hits the bush but does no damage.
You miss the kobold. The kobold hits you but does no damage.
You are electrocuted!
Ouch! That really hurt!
* * * LOW HITPOINT WARNING * * *
The kobold hits you with a +0 falchion.
You die...

.###...........###.#########..#
.# #..########## #.# #..#
.###.## #.# #..### ....## # #.#
#..... .#### ♣P♣♣♣ #.# ##.###
..# #P≈..#P #.# #.# ..# P.÷...P
#.# #.# ..# ÷..§.KK##.# #.# .##
...§.KK@..# #%# .# ......KP###
####.# .# P÷..÷.PP# #....# .##
#P...PPP# ### #.#### ..#
♣♣P♣P♣♣## ##.## #.# ### ### #
########.#.###.# #.#
#......###.##.# #.#
#######.#.###.# #.# ##.##
#.######


You could see 5 kobolds.

Vanquished Creatures
  3 dart slugs (D:2)
  A leopard gecko (D:1)
  13 bats
  2 giant cockroaches (D:1)
  2 goblins (D:1)
  4 hobgoblins
  A jackal (D:1)
  4 kobolds
  A quokka (D:2)
  2 frilled lizards (D:1)
  4 rats
37 creatures vanquished.

Notes
Turn   | Place    | Note
-------+----------+-------------------------------------------
     0 | D:1      | Morbidden the Skeleton Archaeologist began the quest for
                  | the Orb.
     0 | D:1      | Reached XP level 1. HP: 12/12 MP: 1/1
    66 | D:1      | Reached XP level 2. HP: 16/16 MP: 2/2
   502 | D:2      | Reached XP level 3. HP: 20/20 MP: 3/3
  1069 | D:2      | HP: 1/20 [kobold/+1 dagger of electrocution (12)]
  1069 | D:2      | Slain by a kobold

Action                   || total
-------------------------++-------
Melee: Whip              ||     8
       Short sword       ||   108
 Stab: Sleeping          ||     5
Armor: Robe              ||    32
       Chain mail        ||    57
Dodge: Dodged            ||    85
